 Dungeon Crawl Stone Soup version 0.30-a0-956-gcec3b41aec (webtiles) character file.

Game seed: 2496651765757563031

278 HoaS the Shooter (level 6, -2/42 (44) HPs)
             Began as a Formicid Hunter on Mar 29, 2023.
             Slain by a wight
             ... wielding a +6 battleaxe of freezing
              (14 damage)
             ... on level 3 of the Dungeon.
             The game lasted 00:06:54 (2654 turns).

HoaS the Shooter (Formicid Hunter)                  Turns: 2654, Time: 00:06:55

HP:   -2/42 (44)    AC:  3    Str: 16    XL:     6   Next: 51%
MP:   6/6           EV: 16    Int:  8    God:
Gold: 135           SH:  5    Dex: 19    Spells: 5/5 levels left

rFire   . . .      SeeInvis +    a - +0 shortbow (heavy)
rCold   . . .      Faith    .    d - +0 buckler
rNeg    . . .      Spirit   .    c - +0 leather armour
rPois   .          Reflect  .    (helmet unavailable)
rElec   .          Rampage  .    (no cloak)
rCorr   .                        (no gloves)
Will    .....                    (no boots)
Stlth   ++                       (no amulet)
HPRegen 0.27/turn                e - +5 ring of evasion
MPRegen 0.10/turn                i - ring of flight

@: flying, lightly drained
A: permanent stasis, dig shafts and tunnels, antennae 3, four strong arms
a: Dig, Shaft Self


You were on level 3 of the Dungeon.
You visited 1 branch of the dungeon, and saw 5 of its levels.

You collected 135 gold pieces.

Inventory:

Hand Weapons
 a - a +0 heavy shortbow (weapon)
Missiles
 m - a throwing net
Armour
 c - a +0 leather armour (worn)
 d - a +0 buckler (worn)
Jewellery
 e - a +5 ring of evasion (left hand)
 i - a ring of flight (right hand)
Wands
 h - a wand of mindburst (8)
Scrolls
 b - a scroll of immolation
 g - 3 scrolls of identify
 k - 3 scrolls of enchant weapon {unknown}
 l - a scroll of fear {unknown}
Potions
 f - a potion of resistance


   Skills:
 - Level 2.1 Fighting
 * Level 6.9 Ranged Weapons
 - Level 1.7 Dodging
 - Level 1.2 Stealth
 - Level 3.0 Shields


You had 5 spell levels left.
You didn't know any spells.
Your spell library contained the following spells:

 Spells                   Type           Power      Damage    Failure   Level
 Tukima's Dance           Hex            0%         N/A       89%         3
 Passage of Golubria      Tloc           0%         N/A       100%        4
 Yara's Violent Unravell  Hex/Tmut       0%         3d3       100%        5


Dungeon Overview and Level Annotations

Branches:
Dungeon (5/15)
 Temple: D:4-7

Altars:
Ashenzari
Fedhas
Kikubaaqudgha
Makhleb
Okawaru
Qazlal
Ru
Trog
Uskayaw
The Shining One

Shops:
D:1 =

Annotations:
D:4 Sigmund


Innate Abilities, Weirdness & Mutations

You cannot be hasted, slowed, berserked, paralysed or teleported.
You can dig through walls and to a lower floor.
You have a pair of large antennae on your head. (SInv)
Your four strong arms can wield two-handed weapons with a shield.


Message History

Things that are here:
3 stones; a +0 whip
Things that are here:
3 stones; a +0 whip You sense a monster nearby.
You sense a monster nearby.
A wight comes into view. It is wielding a +0 falchion.
You shoot an arrow. The arrow hits the wight.
The wight is lightly damaged.
A wight comes into view.
It is wielding a +6 battleaxe of freezing.
There is a stone staircase leading up here.
You shoot an arrow. The arrow hits the wight!
You destroy the wight!
Your life force feels restored.
You shoot an arrow. The arrow barely misses the wight.
The wight hits you with a +6 battleaxe of freezing!
You feel drained. The wight freezes you.
The wight hits you with a +6 battleaxe of freezing!
* * * LOW HITPOINT WARNING * * *
The wight freezes you.
* * * LOW HITPOINT WARNING * * *
You are too injured to fight recklessly!
You block the wight's attack.
You fly upwards.
There is a stone staircase leading down here.
Okay, then.
You shoot an arrow. The arrow completely misses the wight.
You block the wight's attack.
You shoot an arrow. The arrow barely misses the wight.
You block the wight's attack. The wight completely misses you.
You shoot an arrow. The arrow hits the wight.
The wight is lightly damaged.
You block the wight's attack. The wight barely misses you.
You shoot an arrow. The arrow hits the wight.
The wight is lightly damaged.
The wight closely misses you.
You shoot an arrow. The arrow hits the wight!
The wight is almost destroyed.
The wight hits you with a +6 battleaxe of freezing!
You die...

##......#..................#
##......#...#..............#
)...?...#...#.............<#
...(.......................#
..####.##.#................#
#..###.##.#..........##.##.#
##...................##.##.#
######.##.#.............##.#
................@...#..##..#
................z.........##
.....>......###........####
##....).....###..####..#
...........###...# ##.#
#.#####..........## #.# #..#
##..>.......## #.## ##.#
##...........###..# #.#
##..............##.#


You could see a wight.

Vanquished Creatures
  A wight (D:4)
  2 hounds (D:4)
  A sleepcap (D:3)
  3 adders
  4 gnolls
  A worm (D:2)
  A dart slug (D:1)
  An orc (D:4)
  7 ball pythons
  7 bats
  2 endoplasms (D:1)
  2 giant cockroaches
  7 goblins
  9 hobgoblins
  7 kobolds
  4 quokkas
  8 frilled lizards
  6 rats
73 creatures vanquished.

Notes
Turn   | Place    | Note
-------+----------+-------------------------------------------
     0 | D:1      | HoaS the Formicid Hunter began the quest for the Orb.
     0 | D:1      | Reached XP level 1. HP: 16/16 MP: 1/1
     3 | D:1      | Found Gairor's Jewellery Emporium.
    41 | D:1      | Reached XP level 2. HP: 21/22 MP: 2/2
   382 | D:1      | Reached XP level 3. HP: 27/27 MP: 3/3
   507 | D:1      | Reached skill level 5 in Ranged Weapons
   953 | D:2      | Identified the +9 flail "Taixocw" {flame, rC+}
  1015 | D:2      | Found a faded altar of an unknown god.
  1239 | D:2      | Reached skill level 1 in Shields
  1239 | D:2      | Reached XP level 4. HP: 30/33 MP: 4/4
  1581 | D:3      | Identified the +4 trident of Indomitability {venom, *Slow
                  | rElec Dex+5}
  1851 | D:3      | Found an ancient bone altar of Kikubaaqudgha.
  1854 | D:3      | Found a blossoming altar of Fedhas.
  2013 | D:4      | Noticed Sigmund
  2104 | D:4      | Reached XP level 5. HP: 38/38 MP: 5/5
  2108 | D:4      | Reached skill level 6 in Ranged Weapons
  2165 | D:4      | Found a stormy altar of Qazlal.
  2305 | D:4      | Reached XP level 6. HP: 44/44 MP: 6/6
  2316 | D:4      | Found a broken altar of Ashenzari.
  2326 | D:4      | Found a sacrificial altar of Ru.
  2328 | D:4      | Found a hide-covered altar of Uskayaw.
  2328 | D:4      | Found an iron altar of Okawaru.
  2329 | D:4      | Found a burning altar of Makhleb.
  2330 | D:4      | Found a glowing golden altar of the Shining One.
  2332 | D:4      | Found a bloodstained altar of Trog.
  2396 | D:4      | You are sucked into a shaft and drop 1 floor!
  2396 | D:5      | Entered Level 5 of the Dungeon
  2654 | D:3      | Slain by a wight

Illustrated notes

Levels and vault maps discovered:
D:1:      minmay_arrival_solitary_statue, layout_loops_ring, serial_shops,
          nicolae_shop_stone
D:2:      layout_basic, shapermc_ecumenical_altar_pompeii
D:3:      layout_rooms, grunt_temple_overflow_growth_and_decay
D:4:      layout_loops_ring, minitemple, cheibrodos_gnoll_hut, uniq_sigmund,
          uniq_crazy_yiuf_cottage
D:5:      layout_rooms, minmay_temple_entry_glassed_door,
          minmay_shop_enchanted_jewellery

Skill      XL: |  1  2  3  4  5 |
---------------+----------------+-----
Ranged Weapons | 5 6 |  6.9
Shields        | 1 2 3 |  3.0
Fighting       | |  2.1
Dodging        | |  1.7
Stealth        | |  1.2

Action                     |  1- 3 |  4- 6 || total
---------------------------+-------+-------++-------
   Fire: Shortbow          |   103 |   112 ||   215
Ability: Dig               |       |     2 ||     2
         Shaft Self        |       |     1 ||     1
    Use: Scroll            |     3 |     5 ||     8
 Armour: Leather armour    |     6 |    15 ||    21
  Dodge: Dodged            |    25 |    99 ||   124
  Block: Buckler           |     3 |    33 ||    36

Table legend: (Time is in decaauts)
 A = Elapsed time spent in this place.
 B = Non-inter-level travel time spent in this place.
 C = Inter-level travel time spent in this place.
 D = Time resting spent in this place.
 E = Time spent auto-exploring this place.
 F = Levels seen in this place.
 G = Mean time per level.
                   A        B        C        D        E       F      G
               +--------+--------+--------+--------+--------+-----+--------+
         Total |   2771 |   2681 |     90 |    453 |   1613 |   5 |  554.2 |
       Dungeon |   2771 |   2681 |     90 |    453 |   1613 |   5 |  554.2 |
               +--------+--------+--------+--------+--------+-----+--------+

Top non-repeatable levels by time:
     D:2: 792 daAuts
     D:1: 728 daAuts
     D:3: 689 daAuts
     D:4: 528 daAuts
     D:5: 32 daAuts
